 Dungeon Crawl Stone Soup version 0.21.1-1-g345015f (webtiles) character file.

103784 Mgcat the Pandemonic (level 15, -3/144 HPs)
             Began as a Deep Dwarf Fighter on Feb 8, 2018.
             Was a High Priest of Makhleb.
             Succumbed to Agnes's poison
             ... on level 1 of the Snake Pit.
             The game lasted 01:07:21 (22213 turns).

Mgcat the Pandemonic (Deep Dwarf Fighter)          Turns: 22213, Time: 01:07:22

Health: -3/144     AC: 21    Str: 23    XL:     15   Next: 90%
Magic:  10/10      EV: 11    Int:  7    God:    Makhleb [*****.]
Gold:   2804       SH: 15    Dex: 16    Spells: 23/24 levels left

rFire    . . .     SeeInvis +   Y - +4 broad axe (flame)
rCold    + . .     Gourm    +   E - +1 shield {rPois}
rNeg     + . .     Faith    .   U - +2 chain mail {rC+}
rPois    +         Spirit   .   P - +1 hat {MR+}
rElec    +         Reflect  .   q - scarf {cloud immunity}
rCorr    +         Harm     .   u - +2 pair of gloves
MR       ++++.                  X - +0 pair of boots of Tender Moments {Regen+ rCorr Str+3 Slay-2}
Stlth    ..........             s - amulet of the gourmand {Gourm, !d}
HPRegen  0.00/turn              r - ring of see invisible {sInv, !d}
MPRegen  0.12/turn              y - ring "Joavofol" {rElec rPois MR+ MP+9 Int-4}

@: lethally poisoned (-3 -> -26), very slightly contaminated, non-regenerating
A: damage resistance, heal wounds, negative energy resistance 1, sense
surroundings 2, no regeneration
a: Heal Wounds, Minor Destruction, Lesser Servant of Makhleb, Major Destruction,
Greater Servant of Makhleb, Renounce Religion


You were on level 1 of the Snake Pit.
You worshipped Makhleb.
Makhleb was extremely pleased with you.
You were very full.

You visited 5 branches of the dungeon, and saw 25 of its levels.
You also visited: Volcano.

You collected 2999 gold pieces.
You spent 195 gold pieces at shops.

Inventory:

Hand Weapons
 Y - a +4 broad axe of flaming (weapon)
   (You found it in a volcano)
Missiles
 h - 36 tomahawks (quivered)
 G - 3 throwing nets {=f, !d}
Armour
 q - a scarf of cloud immunity (worn)
   (You found it on level 4 of the Dungeon)
 u - a +2 pair of gloves (worn)
   (You found it on level 5 of the Dungeon)
 E - a +1 shield of poison resistance (worn)
   (You bought it in a shop on level 2 of the Orcish Mines)
 P - a +1 hat of magic resistance (worn)
   (You found it on level 14 of the Dungeon)
 U - a +2 chain mail of cold resistance (worn)
   (You found it on level 6 of the Lair of Beasts)
 X - the +0 pair of boots of Tender Moments (worn) {Regen+ rCorr Str+3 Slay-2}
   (You found it in a volcano)

   It affects your strength (+3).
   It affects your accuracy and damage with ranged weapons and melee attacks
   (-2).
   It increases your rate of regeneration.
   It protects you from acid and corrosion.
Jewellery
 a - an uncursed ring of magical power {MP+9}
   (You found it on level 13 of the Dungeon)
 b - an uncursed ring of flight {+Fly, !d}
   (You found it on level 5 of the Lair of Beasts)
 r - a ring of see invisible (left hand) {sInv, !d}
   (You took it off an orc on level 5 of the Dungeon)
 s - an amulet of the gourmand (around neck) {Gourm, !d}
   (You found it on level 5 of the Dungeon)
 y - the ring "Joavofol" (right hand) {rElec rPois MR+ MP+9 Int-4}
   (You found it on level 8 of the Dungeon)

   [ring of magical power]

   It affects your intelligence (-4).
   It insulates you from electricity.
   It protects you from poison.
   It affects your resistance to hostile enchantments.
   It affects your magic capacity (+9).
 I - an uncursed ring of protection from magic {MR+, !d}
   (You found it on level 11 of the Dungeon)
Wands
 p - a wand of iceblast (7)
   (You found it on level 8 of the Dungeon)
 x - a wand of digging (43)
   (You found it on level 5 of the Dungeon)
 A - a wand of acid (26)
   (You found it on level 10 of the Dungeon)
Scrolls
 g - 10 scrolls of identify
 j - 10 scrolls of teleportation
 l - 10 scrolls of remove curse
 n - 5 scrolls of fear
 o - 2 scrolls of blinking {!r}
 t - a scroll of torment {unknown}
 C - 3 scrolls of holy word {!r}
 J - a scroll of magic mapping {!r}
 M - 4 scrolls of amnesia
 O - 4 scrolls of fog
Potions
 d - a potion of degeneration {unknown}
 e - 6 potions of brilliance
 m - a potion of magic {unknown}
 v - 3 potions of curing
 w - 2 potions of might
 z - 2 potions of heal wounds
 B - 3 potions of mutation {!q}
 D - 3 potions of agility
 F - a potion of flight
 H - a potion of lignification {!q}
 L - a potion of cancellation
 S - a potion of invisibility
 V - a potion of berserk rage {!q}
 W - 3 potions of resistance
Miscellaneous
 i - a box of beasts
 K - a sack of spiders
 Q - a fan of gales
   (You found it on level 14 of the Dungeon)
 T - a phial of floods
   (You found it on level 4 of the Lair of Beasts)
Comestibles
 f - 51 rations


   Skills:
 + Level 12.0 Fighting
 + Level 13.8 Axes
 + Level 13.9 Armour
 + Level 4.8 Dodging
 + Level 13.9 Shields
 + Level 5.0 Spellcasting
 + Level 3.0 Charms
 + Level 14.5 Invocations


You had 23 spell levels left.
You knew the following spells:

 Your Spells              Type           Power        Failure   Level  Hunger
a - Infusion              Chrm           #...         41%         1    #......


Dungeon Overview and Level Annotations

Branches:
Dungeon (15/15)            Temple (1/1) D:5            Lair (6/6) D:8
  Swamp (0/4) Lair:2        Snake (1/4) Lair:4        Slime (0/5) Lair:6
    Orc (2/2) D:10            Elf (0/3) Orc:2        Vaults (0/5) D:13
 Depths (0/5) D:15

Altars:
Ashenzari
Dithmenos
Elyvilon
Fedhas
Gozag
Hepliaklqana
Kikubaaqudgha
Makhleb
Nemelex Xobeh
Okawaru
Qazlal
Ru
Sif Muna
Trog
Uskayaw
Vehumet
Wu Jian
Xom
Yredelemnul
Zin
The Shining One
Beogh

Shops:
D:11 (   D:15 }   Orc:2 %([%(

Annotations:
D:7 homeworkjunkie's ghost, novice HOFi
D:8 2 runed doors, exclusion: orange crystal statue
Snake:1 Agnes; Donald


Innate Abilities, Weirdness & Mutations

You are resistant to damage.
You can heal yourself by infusing magical energy.
You resist negative energy. (rN+)
You passively map the area around you.
You do not regenerate.


Message History

Your blizzard demon hits Agnes but does no damage.
Your blizzard demon hits Agnes!
You feel very sick.
Donald hits your blizzard demon with a demon trident of pain!
Some rock shatters into small pieces.
Your blizzard demon hits Donald.
Your blizzard demon completely misses Donald.
You hit Agnes. You burn Agnes.
Agnes is lightly wounded.
You feel sick.
Agnes says, "I despise a dishonourable opponent."
You block Agnes's attack.
Donald hits your blizzard demon with a demon trident of pain!
Agnes hits you but does no damage.
Okay, then.
Unknown command.
You feel much better.
You feel sick.
Donald says, "Like I always say, the jar is half empty."
Donald hits your blizzard demon with a demon trident of pain!
Your blizzard demon hits Donald!
Your blizzard demon hits Donald but does no damage.
Agnes barely misses you.
Donald hits your blizzard demon with a demon trident of pain!
You feel much better.
You feel sick. You block Agnes's attack.
Your blizzard demon hits Donald but does no damage.
Donald blocks your blizzard demon's attack.
Your cacodemon hits Agnes but does no damage.
Your cacodemon completely misses Agnes.
Donald hits your blizzard demon with a demon trident of pain!
Agnes hits you with a lajatang of venom!
You are more poisoned.
Your shield and chain mail prevent you from hitting Agnes.
Agnes is lightly wounded.
You feel very sick.
Donald says, "I just stubbed my toe.
Does that mean I'm cleansed?"
Donald mumbles some strange words.
Donald seems to grow stronger.
Donald blocks your blizzard demon's attack.
Your blizzard demon hits Donald but does no damage.
Your cacodemon closely misses Agnes.
Your cacodemon barely misses Agnes.
You block Agnes's attack.
You feel much better.
You feel very sick. Agnes hits you but does no damage.
Donald hits your blizzard demon with a demon trident of pain!!
Your blizzard demon dies!
Your cacodemon misses Agnes. Your cacodemon hits Agnes!
Agnes hits you with a lajatang of venom!!
You are more poisoned.
Your chain mail prevents you from hitting Agnes.
Agnes is moderately wounded.
You feel very sick.
Your cacodemon closely misses Agnes. x2
Donald hits you from afar with a demon trident of pain!
Agnes closely misses you.
Press: ? - help, Shift-Dir - straight line, f - Agnes
Aim: Agnes, wielding a lajatang of venom and wearing a robe (moderately wounded)
The bolt of negative energy misses Agnes.
The bolt of negative energy hits Donald.
Donald is drained!
Donald is lightly wounded.
You feel very sick. You block Agnes's attack. You block Donald's attack.
Your cacodemon barely misses Agnes.
Your cacodemon hits Agnes!
You feel much better.
You feel very sick. Agnes misses you. You block Donald's attack.
Your cacodemon completely misses Agnes.
Your cacodemon hits Agnes!
Agnes hits you with a lajatang of venom.
Donald barely misses you.
A demon appears!
You feel very sick.
Agnes hits you with a lajatang of venom!!
* * * LOW HITPOINT WARNING * * *
Donald sighs.
Donald hits you from afar with a demon trident of pain!
* * * LOW HITPOINT WARNING * * *
You writhe in agony.
* * * LOW HITPOINT WARNING * * *
Your cacodemon hits Agnes!
Your cacodemon completely misses Agnes.
* * * LOW HITPOINT WARNING * * *
You feel very sick. You block Agnes's attack.
Your cacodemon hits Agnes! Your cacodemon misses Agnes.
Donald hits you but does no damage.
You fail to use your ability.
* * * LOW HITPOINT WARNING * * *
You feel very sick. Agnes barely misses you.
Your cacodemon hits Agnes! Your cacodemon misses Agnes.
Donald hits you from afar with a demon trident of pain!
* * * LOW HITPOINT WARNING * * *
Agnes hits you with a lajatang of venom!
* * * LOW HITPOINT WARNING * * *
Your green death misses Agnes.
Unknown command.
Really read
o - 3 scrolls of blinking {!r}?
Blink to where?
Press: ? - help, Dir - move target cursor, p - Agnes You are very lightly contaminated with residual magic.
As you read the scroll of blinking {!r}, it crumbles to dust.
You die...

,
....#....#.........###
* *
*#.##...##...#...#...##
* *
#..#.#.##.[.#####....##
* ##........###
##.(..### ,
##...#..#...# #<.....#
#.......#...# ###.##.#
##...........###### ..#
. #.....##..........#
#.# #.#........@###. ,
** .. *
#.#...............#, ..
#.#......##..#.....
..#,
#.##.#...#....,...# , ,
#.# #....#.#... ... *
#.# ##.....####. ..
,,,,, ##.####....## #.
# , , #.......#2ยง# #.
,* ** #...#######i# * *


You could see a friendly green death.

Vanquished Creatures
  Rupert (D:15)
  2 stone giants
  A fire dragon (Lair:6)
  Harold (D:11)
  6 hydras
  An ice dragon (D:13)
  2 centaur warriors (D:15)
  A death knight (D:13)
  3 two-headed ogres
  10 death yaks
  2 catoblepae
  Erica (D:8)
  A hell hog (Volcano)
  A tengu warrior (D:15)
  A shock serpent (D:14)
  A skeletal warrior (D:13)
  An iron troll (D:13)
  A sixfirhy (D:14)
  4 wizards (D:13)
  An orc knight (Orc:2)
  A swamp dragon (Lair:6)
  2 manticores (D:11)
  4 oklob plants (Lair:6)
  An orc sorcerer (Orc:2)
  7 deep elf magi
  A mana viper (Snake:1)
  A wolf spider (D:15)
  9 ugly things
  8 elephants
  2 centaur zombies (D:15)
  A black mamba (shapeshifter) (D:13)
  5 cyclopes
  8 black mambas
  10 spiny frogs
  6 rime drakes
  A molten gargoyle (D:15)
  2 kobold demonologists (D:13)
  A freezing wraith (D:13)
  A yaktaur (D:15)
  8 komodo dragons
  A queen bee (Lair:5)
  5 trolls
  12 polar bears
  3 meliai (Lair:5)
  3 slime creatures (D:15)
  2 hornets
  Grinder (D:4)
  11 hippogriffs
  5 raiju
  A dream sheep (Lair:6)
  10 blink frogs
  A water elemental (D:13)
  A spriggan (Lair:4)
  45 yaks
  A fire bat (Volcano)
  5 wyverns
  6 basilisks
  A fire elemental (D:15)
  A hungry ghost (D:12)
  A steam dragon (Lair:6)
  10 wargs
  7 nagas (Lair:4)
  An acid dragon (Lair:6)
  15 hell hounds
  Duvessa (D:6)
  12 water moccasins
  12 porcupines
  17 orc warriors
  2 swamp drakes (Lair:6)
  5 ice beasts
  7 sky beasts
  14 black bears
  3 eyes of draining
  20 wolves
  2 phantoms
  7 ogres
  11 centaurs
  A necrophage (D:11)
  21 crocodiles
  16 big kobolds
  3 gnoll sergeants (D:10)
  14 bullfrogs
  Dowan (D:6)
  A water moccasin zombie (D:6)
  6 scorpions
  10 wights
  41 killer bees
  4 howler monkeys
  2 electric eels
  3 crimson imps
  A lava snake (D:15)
  4 centaur skeletons
  A bullfrog zombie (D:12)
  3 bullfrog skeletons
  16 orc priests
  6 hounds
  3 jellies
  7 iguanas
  14 orc wizards
  11 worker ants
  A hell rat (Lair:5)
  2 hound skeletons
  A worker ant zombie (D:10)
  Robin (D:2)
  14 adders
  5 gnolls
  3 shadow imps
  3 oozes
  4 adder skeletons
  An adder zombie (D:5)
  A worm (D:2)
  A dart slug (D:2)
  9 leopard geckos
  58 orcs
  8 bats
  5 giant cockroaches
  15 goblins
  10 hobgoblins
  13 jackals
  3 quokkas
  2 ball pythons
  4 frilled lizards
  55 kobolds
  A quokka skeleton (D:4)
  2 quokka zombies
  2 rats
  5 fungi
  7 plants
808 creatures vanquished.

Vanquished Creatures (collateral kills)
  Gastronok (Lair:2)
  A yaktaur captain (D:15)
  A hydra (Lair:3)
  3 two-headed ogres (Volcano)
  3 orc high priests (Orc:2)
  3 orc knights (Orc:2)
  3 orc sorcerers (Orc:2)
  2 manticores
  3 ugly things (D:15)
  An elephant (Lair:2)
  A rime drake (Lair:5)
  A wraith (D:13)
  A hell hound (Volcano)
  4 orc warriors (Orc:2)
  A killer bee (Lair:5)
  4 orc priests (Orc:2)
  4 orc wizards (Orc:2)
  A hell rat (Lair:5)
  A plant (Lair:2)
39 creatures vanquished.

Vanquished Creatures (others)
  A wizard (D:13)
  A wolf (Lair:6)
  2 centaurs (Volcano)
  An adder zombie (D:8)
  2 bushes (Lair:4)
  4 fungi
  29 plants
40 creatures vanquished.

Grand Total: 887 creatures vanquished

Notes
Turn   | Place    | Note
-------+----------+-------------------------------------------
     0 | D:1      | Mgcat the Deep Dwarf Fighter began the quest for the Orb.
     0 | D:1      | Reached XP level 1. HP: 20/20 MP: 1/1
    45 | D:1      | Reached XP level 2. HP: 24/27 MP: 2/2
   584 | D:1      | Reached skill level 3 in Fighting
   752 | D:2      | Reached XP level 3. HP: 25/34 MP: 3/3
   862 | D:2      | Found a radiant altar of Vehumet.
   889 | D:2      | Noticed Robin
   901 | D:2      | Reached skill level 3 in Axes
   903 | D:2      | HP: 8/34 [Robin/spear (1)]
   910 | D:2      | Killed Robin
   910 | D:2      | Reached skill level 4 in Shields
   910 | D:2      | Reached XP level 4. HP: 32/42 MP: 4/4
   981 | D:2      | Found an opulent altar of Gozag.
  1031 | D:2      | Reached skill level 4 in Armour
  1397 | D:3      | HP: 9/42 [iguana (6)]
  1458 | D:3      | Found a faded altar of an unknown god.
  1465 | D:3      | Reached XP level 5. HP: 34/49 MP: 5/5
  1923 | D:4      | Noticed an ogre
  1931 | D:4      | Killed an ogre
  2015 | D:4      | Reached skill level 4 in Axes
  2015 | D:4      | Reached XP level 6. HP: 38/57 MP: 6/6
  2019 | D:4      | HP: 12/57 [poisoned by an orc wizard]
  2022 | D:4      | HP: 5/57 [poisoned by an orc wizard]
  2109 | D:4      | Reached skill level 4 in Fighting
  2248 | D:4      | Noticed Grinder
  2255 | D:4      | Paralysed by Grinder for 4 turns
  2269 | D:4      | Paralysed by Grinder for 3 turns
  2273 | D:4      | Killed Grinder
  2273 | D:4      | Reached skill level 5 in Armour
  2273 | D:4      | Reached skill level 5 in Shields
  2273 | D:4      | Reached XP level 7. HP: 41/66 MP: 6/6
  2881 | D:4      | Reached skill level 5 in Axes
  3023 | D:5      | Entered Level 5 of the Dungeon
  3379 | D:5      | Reached skill level 5 in Fighting
  3379 | D:5      | Reached skill level 6 in Armour
  3379 | D:5      | Reached skill level 6 in Shields
  3379 | D:5      | Reached XP level 8. HP: 44/74 MP: 7/7
  3432 | D:5      | Found a staircase to the Ecumenical Temple.
  3444 | Temple   | Entered the Ecumenical Temple
  3562 | Temple   | Became a worshipper of Makhleb the Destroyer
  3894 | D:5      | Reached * piety under Makhleb
  3904 | D:5      | Reached skill level 6 in Axes
  4603 | D:6      | Noticed Duvessa
  4613 | D:6      | Killed Duvessa
  4613 | D:6      | Reached skill level 7 in Shields
  4613 | D:6      | Reached skill level 1 in Invocations
  4619 | D:6      | Noticed Dowan
  4625 | D:6      | Reached skill level 7 in Armour
  4627 | D:6      | Reached ** piety under Makhleb
  4627 | D:6      | Reached skill level 2 in Invocations
  4636 | D:6      | Killed Dowan
  4699 | D:6      | Gained mutation: You passively map the area around you. [Deep Dwarf growth]
  4699 | D:6      | Reached XP level 9. HP: 64/82 MP: 8/8
  4721 | D:6      | Reached skill level 6 in Fighting
  4831 | D:6      | Reached skill level 3 in Invocations
  4844 | D:6      | Reached skill level 7 in Axes
  5558 | D:7      | Reached skill level 4 in Invocations
  5920 | D:7      | Reached skill level 8 in Shields
  6202 | D:7      | Noticed homeworkjunkie's ghost (novice HOFi)
  6227 | D:7      | HP: 21/85 [homeworkjunkie's ghost (4)]
  6231 | D:7      | HP: 7/85 [homeworkjunkie's ghost (14)]
  6231 | D:7      | HP: 2/85 [homeworkjunkie's ghost (5)]
  6338 | D:8      | Found a staircase to the Lair.
  6353 | D:8      | Got a sparkling granite ring
  6354 | D:8      | Identified the ring "Joavofol" {rElec rPois MR+ MP+9 Int-4} (You found it on level 8 of the Dungeon)
  6401 | D:8      | Found a runed door.
  6403 | D:8      | Noticed an orange crystal statue
  6427 | D:8      | Noticed Erica
  6457 | D:8      | Killed Erica
  6457 | D:8      | Reached skill level 8 in Armour
  6457 | D:8      | Reached skill level 5 in Invocations
  6457 | D:8      | Reached XP level 10. HP: 71/92 MP: 10/10
  6480 | D:8      | Found the +10 large shield of Ignorance {rN+ Int-4}
  6491 | D:8      | Found a runed door.
  6513 | D:8      | Reached skill level 8 in Axes
  6516 | D:8      | Reached *** piety under Makhleb
  6532 | D:8      | Noticed a two-headed ogre
  6537 | D:8      | HP: 7/92 [two-headed ogre/giant spiked club (21)]
  6544 | D:8      | HP: 12/92 [two-headed ogre/giant spiked club (17)]
  6547 | D:8      | Killed a two-headed ogre
  6547 | D:8      | Reached skill level 7 in Fighting
  6568 | D:8      | Reached skill level 6 in Invocations
  7035 | D:9      | Noticed a two-headed ogre
  7046 | D:9      | Killed a two-headed ogre
  7046 | D:9      | Reached skill level 9 in Shields
  7130 | D:9      | Found a white marble altar of Elyvilon.
  7208 | D:9      | Found a basalt altar of Yredelemnul.
  7353 | D:9      | Reached skill level 9 in Armour
  7508 | D:10     | Entered Level 10 of the Dungeon
  7551 | D:10     | Reached skill level 7 in Invocations
  7750 | D:10     | Reached skill level 9 in Axes
  7900 | D:10     | Found a staircase to the Orcish Mines.
  7925 | D:10     | Reached **** piety under Makhleb
  7956 | D:10     | Reached XP level 11. HP: 74/103 MP: 9/9
  8167 | D:10     | Reached skill level 8 in Fighting
  8551 | D:11     | HP: 20/103 [manticore (8)]
  8556 | D:11     | Reached skill level 8 in Invocations
  8816 | D:11     | Noticed a cyan ugly thing
  8836 | D:11     | Killed a cyan ugly thing
  8965 | D:11     | Noticed Harold
  8982 | D:11     | HP: 6/103 [Harold/bolt of fire (26)]
  8989 | D:11     | Killed Harold
  8989 | D:11     | Reached skill level 10 in Shields
  9075 | D:11     | Found Jaivve's Antique Weapon Shop.
  9150 | D:11     | Reached skill level 10 in Armour
  9463 | Lair:1   | Entered Level 1 of the Lair of Beasts
  9730 | Lair:1   | Reached skill level 9 in Invocations
  9827 | Lair:1   | Reached skill level 10 in Axes
 10021 | Lair:1   | Found a sparkling altar of Nemelex Xobeh.
 10382 | Lair:2   | Reached XP level 12. HP: 93/112 MP: 10/10
 10393 | Lair:2   | Noticed Gastronok
 10409 | Lair:2   | Killed Gastronok
 10409 | Lair:2   | Reached skill level 9 in Fighting
 10472 | Lair:2   | Found a staircase to the Swamp.
 10575 | Lair:2   | Reached skill level 10 in Invocations
 11005 | Lair:2   | Noticed an eight-headed hydra
 11013 | Lair:2   | Killed an eight-headed hydra
 11013 | Lair:2   | Reached skill level 11 in Shields
 11025 | Lair:2   | Reached skill level 11 in Armour
 11280 | Lair:3   | Noticed a catoblepas
 11300 | Lair:3   | Killed a catoblepas
 11303 | Lair:3   | Reached skill level 11 in Axes
 11688 | Lair:3   | Reached ***** piety under Makhleb
 11750 | Lair:3   | Noticed a seven-headed hydra
 11759 | Lair:3   | Killed a seven-headed hydra
 11759 | Lair:3   | Reached skill level 11 in Invocations
 12305 | Lair:4   | Noticed a death yak
 12311 | Lair:4   | Noticed a death yak
 12313 | Lair:4   | Noticed a death yak
 12314 | Lair:4   | Noticed a death yak
 12316 | Lair:4   | Noticed a death yak
 12316 | Lair:4   | Killed a death yak
 12316 | Lair:4   | Reached XP level 13. HP: 110/123 MP: 12/12
 12327 | Lair:4   | HP: 13/123 [death yak (19)]
 12333 | Lair:4   | HP: 26/123 [death yak (10)]
 12345 | Lair:4   | HP: 28/123 [death yak (17)]
 12347 | Lair:4   | Reached skill level 10 in Fighting
 12354 | Lair:4   | HP: 20/123 [death yak (15)]
 12421 | Lair:4   | Found a staircase to the Snake Pit.
 12557 | Lair:4   | Reached skill level 12 in Shields
 12692 | Lair:4   | Found a dark tunnel.
 12699 | Volcano  | Entered a volcano
 12767 | Volcano  | Reached skill level 12 in Armour
 12848 | Volcano  | Got a pair of jewelled boots
 12859 | Volcano  | Identified the +0 pair of boots of Tender Moments {Regen+ rCorr Str+3 Slay-2} (You found it in a volcano)
 13705 | Lair:5   | Reached skill level 12 in Invocations
 13799 | Lair:5   | Reached skill level 12 in Axes
 14025 | Lair:5   | HP: 30/124 [killer bee (8)]
 14298 | Lair:5   | Gained mutation: You resist negative energy. (rN+) [Deep Dwarf growth]
 14298 | Lair:5   | Reached XP level 14. HP: 117/133 MP: 2/2
 14751 | Lair:6   | Entered Level 6 of the Lair of Beasts
 14863 | Lair:5   | Reached skill level 1 in Spellcasting
 14992 | Lair:6   | Reached skill level 11 in Fighting
 14997 | Lair:6   | Reached skill level 13 in Invocations
 15034 | Lair:6   | Reached skill level 2 in Spellcasting
 15373 | Lair:6   | Reached skill level 13 in Armour
 15373 | Lair:6   | Reached skill level 13 in Shields
 15470 | Lair:6   | Reached ****** piety under Makhleb
 15745 | Lair:6   | Learned a level 1 spell: Infusion
 15806 | Lair:6   | Reached skill level 13 in Axes
 15812 | Lair:6   | Reached skill level 3 in Spellcasting
 16073 | Lair:6   | Found a staircase to the Slime Pits.
 16390 | Lair:6   | Reached skill level 1 in Dodging
 16698 | Orc:1    | Entered Level 1 of the Orcish Mines
 16767 | Orc:1    | Noticed a stone giant
 16784 | Orc:1    | HP: 29/135 [stone giant (26)]
 16785 | Orc:1    | Killed a stone giant
 16920 | Orc:2    | Entered Level 2 of the Orcish Mines
 17027 | Orc:2    | Found a roughly hewn altar of Beogh.
 17133 | Orc:2    | Noticed a stone giant
 17143 | Orc:2    | Killed a stone giant
 17206 | Orc:2    | Found Soumu's Weapon Shoppe.
 17215 | Orc:2    | Reached skill level 2 in Dodging
 17218 | Orc:2    | Found Nougiub's Food Boutique.
 17246 | Orc:2    | HP: 31/135 [orc priest/divine providence (8)]
 17290 | Orc:2    | Found Ziexuf's Weapon Boutique.
 17292 | Orc:2    | Found Qengahuo's Food Shoppe.
 17374 | Orc:2    | Found Huut's Antique Armour Shoppe.
 17440 | Orc:2    | Found a staircase to the Elven Halls.
 17637 | Orc:2    | Bought a shiny shield for 195 gold pieces
 17704 | Orc:1    | Reached XP level 15. HP: 59/142 MP: 1/1
 18907 | D:13     | Found a gate to the Vaults.
 18951 | D:13     | Reached skill level 3 in Dodging
 18953 | D:13     | Reached skill level 4 in Spellcasting
 19365 | D:13     | Reached skill level 14 in Invocations
 19918 | D:14     | Reached skill level 1 in Charms
 20152 | D:14     | Found the +4 arc blade {discharge, rElec}
 20576 | D:15     | Entered Level 15 of the Dungeon
 20665 | D:15     | Reached skill level 4 in Dodging
 20694 | D:15     | Found an opulent altar of Gozag.
 20737 | D:15     | Reached skill level 2 in Charms
 20758 | D:15     | Noticed Rupert
 20791 | D:15     | Killed Rupert
 21015 | D:15     | Found Hirphous's Gadget Shoppe.
 21509 | D:15     | Found a staircase to the Depths.
 21647 | D:15     | Reached skill level 12 in Fighting
 21700 | D:15     | Reached skill level 5 in Spellcasting
 21700 | D:15     | Reached skill level 3 in Charms
 22129 | Snake:1  | Entered Level 1 of the Snake Pit
 22193 | Snake:1  | Noticed Agnes
 22196 | Snake:1  | Noticed Donald
 22200 | Snake:1  | HP: 36/144 [poisoned by Agnes]
 22210 | Snake:1  | HP: 21/144 [Donald/demon trident of pain (16)]
 22212 | Snake:1  | HP: 7/144 [Donald/demon trident of pain (5)]
 22212 | Snake:1  | HP: 1/144 [Agnes/lajatang of venom (6)]
 22213 | Snake:1  | Succumbed to Agnes's poison

Skill      XL: |  1  2  3  4  5  6  7  8  9 10 11 12 13 14 15 |
---------------+----------------------------------------------+-----
Fighting       | 3 4 5 6 7 8 9 10 11 12 | 12.0
Axes           | 3 4 5 6 7 9 10 11 12 13 | 13.8
Shields        | 4 5 6 7 8 9 10 11 12 13 | 13.9
Armour         | 4 5 6 7 8 9 10 11 12 13 | 13.9
Invocations    | 2 5 7 9 11 12 13 14 | 14.5
Spellcasting   | 3 5 |  5.0
Dodging        | 2 4 |  4.8
Charms         | 3 |  3.0

Action                   |  1- 3 |  4- 6 |  7- 9 | 10-12 | 13-15 || total
-------------------------+-------+-------+-------+-------+-------++-------
Melee: War axe           |    96 |   144 |   578 |   801 |   107 ||  1726
       Broad axe         |       |       |       |       |  1425 ||  1425
Throw: Tomahawk          |       |       |       |       |    15 ||    15
 Cast: Infusion          |       |       |       |       |     1 ||     1
Invok: Minor Destruction |       |       |     2 |    27 |     6 ||    35
       Lesser Servant of |       |       |       |     6 |     7 ||    13
       Major Destruction |       |       |       |     6 |     8 ||    14
       Greater Servant o |       |       |       |       |     7 ||     7
 Abil: Heal Wounds       |     1 |     8 |    16 |    21 |    41 ||    87
  Use: Scroll            |       |     7 |     1 |    18 |    16 ||    42
       Potion            |       |     3 |     1 |       |     8 ||    12
 Stab: Distracted        |       |       |       |     3 |     3 ||     6
       Petrified         |       |       |       |     2 |       ||     2
  Eat: Chunk             |       |     5 |    28 |    18 |    42 ||    93
Armor: Scale mail        |    65 |    92 |   252 |   342 |   468 ||  1219
       Chain mail        |       |       |       |       |   220 ||   220
Dodge: Dodged            |    32 |    59 |   166 |   254 |   503 ||  1014
Block: Shield            |    70 |   113 |   326 |   566 |  1207 ||  2282

Vault maps used:
D:1:      dpeg_arrival_lava_temple_mockup
D:2:      lemuel_crystal_altar, old_standard_altar, first_ration, uniq_robin
D:3:      chequers_ecumenical_altar_island, st_stairs_11
D:4:      amethyst_killhole, uniq_grinder
D:5:      minmay_goblin_kobold_castle, minmay_temple_entry_crystal_x
D:6:      uniq_duvessa
D:8:      lair_entry_dummy, grunt_pizzeria, chequers_guarded_unrand_ignorance,
          uniq_erica
D:9:      kennysheep_ying_yang, kennysheep_big_empty_room
D:10:     kennysheep_orc_monster_closet_entryway, minmay_gold_behind_fungi
D:11:     serial_shops, nicolae_shop_competitors_out_of_business,
          kennysheep_small_circle, uniq_harold
D:12:     minmay_misc_feat_diagonals, minmay_lizard_king
D:13:     minmay_wizard_corner, david_vaults_4, nooodl_orcs_dogs
D:14:     minmay_shoctagon
D:15:     grunt_enter_depths_snipers,
          nicolae_gozag_cash_rules_everything_around_me, serial_shops,
          nicolae_shop_trees, uniq_rupert
Temple:   regret_index_temple_mists
Lair:1:   basic_altar, infiniplex_staircase_pool
Lair:2:   swamp_mist, uniq_gastronok
Lair:3:   lab_entry_generic, grunt_forest_large_clearing_hut
Lair:4:   minmay_snake_entry_guardpost_large, nicolae_volcano_entry_hallway
Lair:5:   regret_index_bee_streams, beast_lair_carwin_10, grunt_megastairs_3,
          serial_bayou_shore_b, lemuel_fruit_fields
Lair:6:   guppyfry_lair_end_dragon, hangedman_lair_caniforms_friends,
          slime_dummy, serial_forest, infiniplex_forest_straight_2,
          infiniplex_forest_lined_room_3, infiniplex_forest_pool,
          infiniplex_forest_zigzag_2, infiniplex_forest_lined_3_way,
          infiniplex_forest_straight_4, infiniplex_forest_straight_3,
          minmay_lair_oklob_chamber, grunt_megastairs_4
Snake:1:  serial_bayou_pond_e, serial_bayou_shore_b, uniq_roxanne, uniq_aizul,
          uniq_agnes, uniq_donald
Orc:2:    st_orc_elflike, basic_altar, serial_shops, shop
Volcano:  volcano_village

Table legend:
 A = Turns spent in this place as a percentage of turns spent in the entire game.
 B = Non-inter-level travel turns spent in this place as a percentage of non-inter-level travel turns spent in the entire game.
 C = Inter-level travel turns spent in this place as a percentage of turns spent in this place.
 D = Turns resting spent in this place as a percentage of non-inter-level travel turns spent in this place.
 E = Turns spent auto-exploring this place as a percentage of non-inter-level travel turns spent in this place.
 F = Non-inter-level travel turns spent in this place divided by the number of levels of this place that you've seen.
                   A       B       C       D       E      F
               +-------+-------+-------+-------+-------+----------------------
         Total | 100.0 | 100.0 |   7.1 |   4.5 |  66.7 | 793.3
       Dungeon |  60.3 |  61.1 |   6.0 |   5.5 |  66.9 | 839.9
        Temple |   0.6 |   0.6 |  10.1 |   0.0 |  90.4 | 125.0
          Lair |  31.1 |  31.0 |   7.4 |   3.1 |  65.8 | 1067.2
     Snake Pit |   0.3 |   0.4 |   1.3 |   0.0 |  57.9 |  76.0
  Orcish Mines |   5.9 |   5.1 |  20.1 |   0.6 |  69.9 | 523.5
       Volcano |   1.7 |   1.8 |   0.0 |   5.3 |  61.9 | 375.0
               +-------+-------+-------+-------+-------+----------------------

Table legend:
 A = Kills in this place as a percentage of kills in entire the game.
 B = Kills by you in this place as a percentage of kills by you in the entire game.
 C = Kills by friends in this place as a percentage of kills by friends in the entire game.
 D = Other kills in this place as a percentage of other kills in the entire game.
 E = Experience gained in this place as a percentage of experience gained in the entire game.
 F = Experience gained in this place divided by the number of levels of this place that you have seen.
                   A       B       C       D       E      F
               +-------+-------+-------+-------+-------+----------------------
         Total | 100.0 | 100.0 | 100.0 | 100.0 | 100.0 | 5702.4
       Dungeon |  57.1 |  59.0 |  15.8 |  50.0 |  41.5 | 4104.9
          Lair |  34.8 |  35.6 |  18.4 |  50.0 |  49.9 | 12321.8
     Snake Pit |   0.1 |   0.1 |   0.0 |   0.0 |   0.4 | 560.0
  Orcish Mines |   7.2 |   4.9 |  55.3 |   0.0 |   6.7 | 4950.0
       Volcano |   0.8 |   0.4 |  10.5 |   0.0 |   1.5 | 2298.0
               +-------+-------+-------+-------+-------+----------------------
